Mustangs vs Wolfes (R3)

Created - May 18, 2020 at 19:11

Goals
1 2 3 T
Mustangs 2 0 0 2
Wolfes 1 1 2 4
Shots
1 2 3 T
Mustangs 14 10 7 31
Wolfes 8 13 13 34

1st period

1. Mustangs , Andreas Martinsen 2 (Melker Karlsson 1, Josh Jooris 4) at 5:36 (PP)
2. Mustangs , Josh Jooris 1 (Andreas Martinsen 1) at 5:56
3. Wolfes , Blake Pietila 2 (Sergei Plotnikov 1, Nicolas Deschamps 1) at 19:38 (PP)

Penalties :
Alexandre Grenier (RIM) for Interference (Minor) at 2:15, Anton Karlsson (RIM) for Interference (Minor) at 5:31, Josh Jooris (Ham) for Hooking (Minor) at 11:33, Jeffrey Foss (RIM) for Hooking (Minor) at 17:00, Scott Mayfield (Ham) for Hooking (Minor) at 17:54, Alexandre Grenier (RIM) for Unsportsmanlike conduct (Minor) at 19:48

2nd period

4. Wolfes , Vladimir Zharkov 4 (Martin Hanzal 7) at 5:22

Penalties :
Benn Ferriero (RIM) for Holding Stick (Minor) at 4:13, Tom Wilson (Ham) for Hooking (Minor) at 5:20, Martin Hanzal (RIM) for Roughing (Minor) at 12:07, Jim O'Brien (Ham) for Tripping (Minor) at 14:21

3rd period

5. Wolfes , Kyle Rau 1 (Benn Ferriero 1, Zachary Sanford 1) at 15:36
6. Wolfes , Alexandre Grenier 1 (Wes O'Neill 1, Victor Olofsson 1) at 18:14

Penalties :
Martin Hanzal (RIM) for Holding (Minor) at 0:22, Martin Hanzal (RIM) for Tripping (Minor) at 7:09, Damon Severson (Ham) for Holding (Minor) at 9:37

Goalie Stats

Chet Pickard (Ham), 30 saves from 34 shots - (0.882), L, 1-2-0, 60:00 minutes
Laurent Brossoit (RIM), 29 saves from 31 shots - (0.935), W, 2-1-0, 60:00 minutes

Players Stats for Mustangs

Player Name              G  A  P  +/- PIM S  H  SB GA TA FO     MP     PP MP  PK MP  
------------------------------------------------------------------------------------
Alexei Marchenko         0  0  0  -1  0   0  2  2  1  1  0/0    26:02   7:05   3:33 
Andreas Martinsen        1  1  2   0  0   3  1  0  1  0  0/0    20:58   6:17   3:06 
Andrew O'Brien           0  0  0  -2  0   0  0  1  0  1  0/0     9:29   0:00   1:18 
Ben Harpur               0  0  0   1  0   1  1  0  0  2  0/0    21:10   4:56   3:59 
Chrstian Dvorak          0  0  0   0  0   2  2  0  0  0  0/1     7:03   0:00   0:00 
Curtis Hamilton          0  0  0   0  0   0  1  1  0  0  0/0    10:56   0:00   0:25 
Dakota Mermis            0  0  0   0  0   0  1  0  0  0  0/0     4:27   0:00   0:00 
Damon Severson           0  0  0  -1  2   0  0  2  1  0  0/0    25:31   7:05   2:50 
Danny Biega              0  0  0  -2  0   3  1  0  1  0  0/0     8:07   0:00   0:10 
Iven Barbashev           0  0  0   0  0   0  0  0  0  0  0/0     0:29   0:10   0:16 
Jim O'Brien              0  0  0   0  2   1  0  0  0  0  6/9    10:43   0:00   0:09 
Jonathan Drouin          0  0  0  -1  0   3  1  1  0  0  1/2    14:54   5:34   0:00 
Josh Ho-Sang             0  0  0   0  0   0  0  0  0  0  0/0     0:00   0:00   0:00 
Josh Jooris              1  1  2  -1  2   5  1  0  3  1  6/13   22:09   6:17   2:51 
Kurtis Gabriel           0  0  0   0  0   5  1  0  0  0  0/0     7:03   0:00   0:00 
Matthew Finn             0  0  0   0  0   0  0  0  0  0  0/0     4:27   0:00   0:00 
Max Gortz                0  0  0   0  0   1  0  0  0  0  0/0    10:29   0:00   0:00 
Melker Karlsson          0  1  1  -1  0   1  3  0  0  1  13/25  23:08   6:27   3:41 
Raphael Bussieres        0  0  0   0  0   0  0  0  0  0  1/1     1:56   0:00   1:53 
Ryan Graves              0  0  0   0  0   0  0  0  0  0  0/0     0:00   0:00   0:00 
Sam Kurker               0  0  0   0  0   0  0  0  0  0  0/0     0:29   0:10   0:16 
Scott Mayfield           0  0  0   1  2   0  1  0  0  2  0/0    20:46   4:55   3:36 
Sean Monahan             0  0  0  -1  0   1  1  1  1  1  2/13   17:01   5:34   1:49 
Stefan Matteau           0  0  0   0  0   4  0  1  2  1  1/5     8:03   0:00   1:00 
Tom Wilson               0  0  0  -1  2   1  1  0  0  0  0/0    14:55   5:33   0:00 

Players Stats for Wolfes

Player Name              G  A  P  +/- PIM S  H  SB GA TA FO     MP     PP MP  PK MP  
------------------------------------------------------------------------------------
Alexandre Grenier        1  0  1   1  4   3  1  1  0  0  1/1    15:23   4:08   1:24 
Anton Karlsson           0  0  0   0  2   0  1  1  0  0  0/0    10:06   0:00   0:00 
Anton Lindholm           0  0  0   0  0   0  1  2  0  0  0/0    14:58   2:27   0:00 
Benn Ferriero            0  1  1   1  2   2  0  0  0  0  4/4    10:06   0:04   3:41 
Blake Pietila            1  0  1   0  0   5  4  0  1  1  1/2    16:17   4:08   3:09 
Chris Tierney            0  0  0   0  0   2  1  0  1  0  8/12   15:33   3:08   2:58 
Jamie Oleksiak           0  0  0   1  0   1  4  0  1  0  0/0    25:06   4:49   4:38 
Jeffrey Foss             0  0  0   1  2   1  3  1  0  1  0/0    23:26   4:52   6:41 
Joe Morrow               0  0  0   0  0   2  0  1  0  1  0/0    13:10   0:02   0:42 
Kyle Rau                 1  0  1   2  0   1  1  0  0  0  3/6     7:10   0:00   0:00 
Martin Hanzal            0  1  1   0  6   3  4  1  3  1  16/31  21:51   4:31   3:42 
Michael Stone            0  0  0   0  0   2  1  0  1  1  0/0    19:00   2:35   4:38 
Nicolas Deschamps        0  1  1   0  0   0  0  0  1  0  3/8    10:55   0:28   0:00 
Scott Timmins            0  0  0   0  0   0  0  0  0  0  0/0     0:16   0:00   0:16 
Sergei Plotnikov         0  1  1  -1  0   2  1  0  0  0  1/2    17:30   3:08   2:05 
Victor Olofsson          0  1  1   0  0   0  1  0  0  1  0/1    10:07   0:00   0:00 
Vladimir Zharkov         1  0  1   0  0   7  1  0  2  1  2/2    23:08   3:11   6:47 
Wes O'Neill              0  1  1   2  0   0  0  1  0  3  0/0    24:42   1:04   7:23 
Zachary Sanford          0  1  1   2  0   3  0  0  0  0  0/0     7:10   0:00   0:00 

3 Stars

1 - Kyle Rau (RIM)
2 - Blake Pietila (RIM)
3 - Andreas Martinsen (Ham)

Power Play

Mustangs - 1 on 8 Attempt(s) - 12.50%
Wolfes - 1 on 5 Attempt(s) - 20.00%

Penalty Kill

Mustangs - 4 on 5 Attempt(s) - 80.00% - Score 0 goal in Penalty Kill
Wolfes - 7 on 8 Attempt(s) - 87.50% - Score 0 goal in Penalty Kill

Team Stat

Mustangs - Hits : 18 - Faceoff Wins : 30 - Blocked Shots : 9 - Penalty Minutes : 10
Wolfes - Hits : 24 - Faceoff Wins : 39 - Blocked Shots : 8 - Penalty Minutes : 16

Official

Referees : Unknown
Linesman : Unknown

Game Notes

Benn Ferriero is injured at 16:28 of 3rd period (Right Forearm)

Finance

Level 1 -- Attendance: 1503 (75.15%) -- Ticket Income $60,120
Level 2 -- Attendance: 824 (82.40%) -- Ticket Income $16,480
Total Attendance: 2327 (77.57%)
Total Ticket Income: $76,600
Other Income: $3,830
Total Income: $80,430

Mustangs

5 vs 5 Forward 
   Center                   Left Wing                Right Wing               Time % Phy DF OF 
 1 Melker Karlsson          Andreas Martinsen        Josh Jooris              40     1   2  2  
 2 Sean Monahan             Jonathan Drouin          Tom Wilson               30     1   2  2  
 3 Jim O'Brien              Curtis Hamilton          Max Gortz                20     1   2  2  
 4 Stefan Matteau           Chrstian Dvorak          Kurtis Gabriel           10     1   2  2  

5 vs 5 Defense 
   Defense                  Defense                                           Time % Phy DF OF 
 1 Alexei Marchenko         Damon Severson                                    40     1   2  2  
 2 Scott Mayfield           Ben Harpur                                        30     1   2  2  
 3 Andrew O'Brien           Danny Biega                                       20     1   2  2  
 4 Dakota Mermis            Matthew Finn                                      10     1   2  2  

PowerPlay Forward 
   Center                   Left Wing                Right Wing               Time % Phy DF OF 
 1 Melker Karlsson          Andreas Martinsen        Josh Jooris              60     1   2  2  
 2 Sean Monahan             Jonathan Drouin          Tom Wilson               40     1   2  2  

PowerPlay Defense
   Defense                  Defense                                           Time % Phy DF OF 
 1 Alexei Marchenko         Damon Severson                                    60     1   2  2  
 2 Scott Mayfield           Ben Harpur                                        40     1   2  2  

Penalty Kill 4 Players Forward 
   Center                   Wing                     Time % Phy DF OF 
 1 Josh Jooris              Melker Karlsson          60     1   2  2  
 2 Sean Monahan             Andreas Martinsen        40     1   2  2  

Penalty Kill 4 Players Defense
   Defense                  Defense                  Time % Phy DF OF 
 1 Alexei Marchenko         Damon Severson           60     1   2  2  
 2 Scott Mayfield           Ben Harpur               40     1   2  2  

Penalty Kill - 3 Players Forward 
   Forward                                           Time % Phy DF OF 
 1 Josh Jooris                                       60     1   2  2  
 2 Melker Karlsson                                   40     1   2  2  

Penalty Kill - 3 Players Defense
   Defense                  Defense                  Time % Phy DF OF 
 1 Alexei Marchenko         Damon Severson           60     1   2  2  
 2 Scott Mayfield           Ben Harpur               40     1   2  2  

4 vs 4 Forward 
   Center                   Wing                     Time % Phy DF OF 
 1 Josh Jooris              Melker Karlsson          60     1   2  2  
 2 Sean Monahan             Andreas Martinsen        40     1   2  2  

4 vs 4 Defense
   Defense                  Defense                  Time % Phy DF OF 
 1 Alexei Marchenko         Damon Severson           60     1   2  2  
 2 Scott Mayfield           Ben Harpur               40     1   2  2  

Last Minutes Offensive
   Center                   Left Wing                Right Wing               Defense                  Defense                  
   Melker Karlsson          Andreas Martinsen        Josh Jooris              Alexei Marchenko         Damon Severson           

Last Minutes Defensive
   Center                   Left Wing                Right Wing               Defense                  Defense                  
   Melker Karlsson          Andreas Martinsen        Josh Jooris              Alexei Marchenko         Damon Severson           

Goaltenders
Starting : Chet Pickard             
Backup : Joacim Eriksson          

Extra Forwards
Normal : Iven Barbashev, Sam Kurker, Raphael Bussieres - PP : Iven Barbashev, Sam Kurker - PK : Raphael Bussieres
Extra Defensemen
Normal : Ryan Graves, Andrew O'Brien, Danny Biega - PP : Ryan Graves - PK : Andrew O'Brien, Danny Biega
Penalty Shots
Josh Jooris, Melker Karlsson, Sean Monahan, Andreas Martinsen, Tom Wilson

Scratches
Brett Pollock (Healthy), Steven Spinner (Healthy), Anthony Stolarz (Healthy)

Wolfes

5 vs 5 Forward 
   Center                   Left Wing                Right Wing               Time % Phy DF OF 
 1 Martin Hanzal            Sergei Plotnikov         Vladimir Zharkov         35     1   2  2  
 2 Chris Tierney            Blake Pietila            Alexandre Grenier        30     1   2  2  
 3 Nicolas Deschamps        Anton Karlsson           Victor Olofsson          20     1   2  2  
 4 Kyle Rau                 Zachary Sanford          Benn Ferriero            15     1   2  2  

5 vs 5 Defense 
   Defense                  Defense                                           Time % Phy DF OF 
 1 Wes O'Neill              Jamie Oleksiak                                    40     1   2  2  
 2 Michael Stone            Jeffrey Foss                                      30     1   2  2  
 3 Anton Lindholm           Joe Morrow                                        30     1   2  2  
 4 Wes O'Neill              Jeffrey Foss                                      0      1   2  2  

PowerPlay Forward 
   Center                   Left Wing                Right Wing               Time % Phy DF OF 
 1 Martin Hanzal            Blake Pietila            Alexandre Grenier        50     1   2  2  
 2 Chris Tierney            Sergei Plotnikov         Vladimir Zharkov         50     1   2  2  

PowerPlay Defense
   Defense                  Defense                                           Time % Phy DF OF 
 1 Jamie Oleksiak           Jeffrey Foss                                      60     1   2  2  
 2 Michael Stone            Jamie Oleksiak                                    40     1   2  2  

Penalty Kill 4 Players Forward 
   Center                   Wing                     Time % Phy DF OF 
 1 Martin Hanzal            Vladimir Zharkov         60     1   2  2  
 2 Alexandre Grenier        Blake Pietila            40     1   2  2  

Penalty Kill 4 Players Defense
   Defense                  Defense                  Time % Phy DF OF 
 1 Wes O'Neill              Jeffrey Foss             60     1   2  2  
 2 Michael Stone            Jamie Oleksiak           40     1   2  2  

Penalty Kill - 3 Players Forward 
   Forward                                           Time % Phy DF OF 
 1 Martin Hanzal                                     60     1   2  2  
 2 Vladimir Zharkov                                  40     1   2  2  

Penalty Kill - 3 Players Defense
   Defense                  Defense                  Time % Phy DF OF 
 1 Wes O'Neill              Jeffrey Foss             60     1   2  2  
 2 Michael Stone            Jamie Oleksiak           40     1   2  2  

4 vs 4 Forward 
   Center                   Wing                     Time % Phy DF OF 
 1 Martin Hanzal            Vladimir Zharkov         60     1   2  2  
 2 Alexandre Grenier        Sergei Plotnikov         40     1   2  2  

4 vs 4 Defense
   Defense                  Defense                  Time % Phy DF OF 
 1 Wes O'Neill              Jeffrey Foss             60     1   2  2  
 2 Joe Morrow               Jamie Oleksiak           40     1   2  2  

Last Minutes Offensive
   Center                   Left Wing                Right Wing               Defense                  Defense                  
   Martin Hanzal            Blake Pietila            Vladimir Zharkov         Wes O'Neill              Jeffrey Foss             

Last Minutes Defensive
   Center                   Left Wing                Right Wing               Defense                  Defense                  
   Chris Tierney            Sergei Plotnikov         Alexandre Grenier        Wes O'Neill              Jeffrey Foss             

Goaltenders
Starting : Laurent Brossoit         
Backup : Jeremy Smith             

Extra Forwards
Normal : Nicolas Deschamps, Victor Olofsson, Benn Ferriero - PP : Nicolas Deschamps, Victor Olofsson - PK : Benn Ferriero
Extra Defensemen
Normal : Anton Lindholm, Joe Morrow, Michael Stone - PP : Anton Lindholm - PK : Joe Morrow, Michael Stone
Penalty Shots
Martin Hanzal, Vladimir Zharkov, Alexandre Grenier, Blake Pietila, Chris Tierney

Scratches
Christophe Lalancette (Healthy), Klas Dahlbeck (Healthy), Matt Grzelcyk (Healthy), Remi Elie (Healthy), Jyrki Jokipakka (Healthy)
Thomas Spelling (Healthy), Angelo Esposito (Healthy), Pavel Kraskovsky (Healthy), Louis Belpedio (Healthy), Jacob Lagacé (Healthy)
Cameron Darcy (Healthy), Joonas Lyytinen (Healthy), Fredrik Olofsson (Healthy), Nolan Vesey (Healthy), Vaclav Karabacek (Healthy)
Kyle Pettit (Healthy), Dylan Sadowy (Healthy), Ebbe Siönäs (Healthy), Sami Aittokallio (Healthy)

% Time on Ice - Mustangs

Lines # - Real PCT - Wanted PCT - Time Play
Normal Forward
1 - 30% - 40% - 11:27
2 - 24% - 30% - 9:20
3 - 27% - 20% - 10:29
4 - 18% - 10% - 7:03
Normal Defense
1 - 36% - 40% - 13:40
2 - 32% - 30% - 12:15
3 - 21% - 20% - 7:57
4 - 12% - 10% - 4:27
PP Forward
1 - 54% - 60% - 6:27
2 - 46% - 40% - 5:34
PP Defense
1 - 59% - 60% - 7:05
2 - 41% - 40% - 4:56
PK Forward
1 - 76% - 60% - 5:54
2 - 24% - 40% - 1:49
PK Defense
1 - 48% - 60% - 3:44
2 - 52% - 40% - 3:59
PK3 Forward
1 - 0% - 60%
2 - 0% - 40%
PK3 Defense
1 - 0% - 60%
2 - 0% - 40%
44 Forward
1 - 85% - 60% - 1:39
2 - 15% - 40% - 0:18
44 Defense
1 - 100% - 60% - 1:57
2 - 0% - 40% - 0:00
Last Minute Offensive  - 0:00
Last Minute Defensive  - 0:00
Total
Forward - 60:00
Defense - 60:00

% Time on Ice - Wolfes

Lines # - Real PCT - Wanted PCT - Time Play
Normal Forward
1 - 31% - 35% - 12:00
2 - 24% - 30% - 9:02
3 - 26% - 20% - 10:07
4 - 19% - 15% - 7:10
Normal Defense
1 - 35% - 40% - 13:36
2 - 31% - 30% - 11:47
3 - 30% - 30% - 11:41
4 - 3% - 0% - 1:15
PP Forward
1 - 59% - 50% - 4:35
2 - 41% - 50% - 3:08
PP Defense
1 - 67% - 60% - 5:08
2 - 33% - 40% - 2:35
PK Forward
1 - 74% - 60% - 8:55
2 - 26% - 40% - 3:06
PK Defense
1 - 61% - 60% - 7:23
2 - 39% - 40% - 4:38
PK3 Forward
1 - 0% - 60%
2 - 0% - 40%
PK3 Defense
1 - 0% - 60%
2 - 0% - 40%
44 Forward
1 - 83% - 60% - 1:37
2 - 17% - 40% - 0:20
44 Defense
1 - 74% - 60% - 1:26
2 - 26% - 40% - 0:31
Last Minute Offensive  - 0:00
Last Minute Defensive  - 0:00
Total
Forward - 60:00
Defense - 60:00

Play-by-Play

1st period


0:01 of 1st period - Melker Karlsson wins face-off versus Martin Hanzal in neutral zone.
0:14 of 1st period - Snap shot by Andreas Martinsen.
0:14 of 1st period - Stopped by Laurent Brossoit with a rebound.
0:16 of 1st period - Wrist shot by Josh Jooris.
0:16 of 1st period - Stopped by Laurent Brossoit with a rebound.
0:28 of 1st period - Slapshot by Wes O'Neill.
0:28 of 1st period - Deflect By Blake Pietila.
0:28 of 1st period - Shot Misses the Net.
0:28 of 1st period - Puck is out of play.
0:29 of 1st period - Jonathan Drouin wins face-off versus Chris Tierney in Mustangs zone.
0:29 of 1st period - Jonathan Drouin is hit by Jeffrey Foss.
0:37 of 1st period - Jeffrey Foss is hit by Sean Monahan and loses puck.
0:44 of 1st period - Snap shot by Alexandre Grenier.
0:44 of 1st period - Shot Misses the Net.
0:56 of 1st period - Icing by Michael Stone.
0:57 of 1st period - Jim O'Brien wins face-off versus Nicolas Deschamps in Wolfes zone.
0:58 of 1st period - Snap shot by Max Gortz.
0:58 of 1st period - Shot Blocked by Anton Karlsson.
1:00 of 1st period - Snap shot by Jim O'Brien.
1:00 of 1st period - Deflect By Max Gortz.
1:00 of 1st period - Shot Misses the Net.
1:00 of 1st period - Puck is out of play.
1:01 of 1st period - Kyle Rau wins face-off versus Stefan Matteau in Wolfes zone.
1:01 of 1st period - Kyle Rau is hit by Chrstian Dvorak.
1:07 of 1st period - Slapshot by Joe Morrow.
1:07 of 1st period - Shot Blocked by Andrew O'Brien.
1:09 of 1st period - Slapshot by Joe Morrow.
1:09 of 1st period - Shot Misses the Net.
1:15 of 1st period - Wrist shot by Kyle Rau.
1:15 of 1st period - Shot Misses the Net.
2:15 of 1st period - Minor Penalty to Alexandre Grenier for Interference.
2:16 of 1st period - Martin Hanzal wins face-off versus Melker Karlsson in Wolfes zone.
2:42 of 1st period - Benn Ferriero is hit by Alexei Marchenko and loses puck.
3:35 of 1st period - Alexei Marchenko is hit by Blake Pietila and loses puck.
4:03 of 1st period - Icing by Tom Wilson.
4:04 of 1st period - Chris Tierney wins face-off versus Sean Monahan in Mustangs zone.
4:15 of 1st period - Penalty to Alexandre Grenier is over, Alexandre Grenier is back on ice.
4:19 of 1st period - Snap shot by Blake Pietila.
4:19 of 1st period - Stopped by Chet Pickard without a rebound.
4:20 of 1st period - Kyle Rau wins face-off versus Jim O'Brien in Mustangs zone.
4:33 of 1st period - Wrist shot by Benn Ferriero.
4:33 of 1st period - Stopped by Chet Pickard with a rebound.
4:35 of 1st period - Wrist shot by Benn Ferriero.
4:35 of 1st period - Shot Misses the Net.
4:52 of 1st period - Wrist shot by Martin Hanzal.
4:52 of 1st period - Stopped by Chet Pickard with a rebound.
5:31 of 1st period - Minor Penalty to Anton Karlsson for Interference.
5:32 of 1st period - Melker Karlsson wins face-off versus Martin Hanzal in Wolfes zone.
5:36 of 1st period - Snap shot by Andreas Martinsen.
5:36 of 1st period - Goal by Andreas Martinsen - Mustangs : 1 - Wolfes : 0.
5:37 of 1st period - Melker Karlsson wins face-off versus Sergei Plotnikov in neutral zone.
5:44 of 1st period - Snap shot by Josh Jooris.
5:44 of 1st period - Deflect By Wes O'Neill.
5:44 of 1st period - Stopped by Laurent Brossoit without a rebound.
5:45 of 1st period - Martin Hanzal wins face-off versus Melker Karlsson in Wolfes zone.
5:56 of 1st period - Wrist shot by Josh Jooris.
5:56 of 1st period - Goal by Josh Jooris - Mustangs : 2 - Wolfes : 0.
5:57 of 1st period - Melker Karlsson wins face-off versus Chris Tierney in neutral zone.
6:03 of 1st period - Slapshot by Ben Harpur.
6:03 of 1st period - Deflect By Melker Karlsson.
6:03 of 1st period - Shot Misses the Net.
6:03 of 1st period - Puck is out of play.
6:04 of 1st period - Chris Tierney wins face-off versus Melker Karlsson in Wolfes zone.
6:49 of 1st period - Snap shot by Josh Jooris.
6:49 of 1st period - Stopped by Laurent Brossoit without a rebound.
6:50 of 1st period - Martin Hanzal wins face-off versus Sean Monahan in Wolfes zone.
7:17 of 1st period - Damon Severson is hit by Jamie Oleksiak.
7:23 of 1st period - Snap shot by Jonathan Drouin.
7:23 of 1st period - Shot Misses the Net.
7:29 of 1st period - Sean Monahan is hit by Jamie Oleksiak and loses puck.
7:42 of 1st period - Backhand shot by Jonathan Drouin.
7:42 of 1st period - Shot Misses the Net.
7:44 of 1st period - Snap shot by Jim O'Brien.
7:44 of 1st period - Stopped by Laurent Brossoit with a rebound.
7:46 of 1st period - Slapshot by Danny Biega.
7:46 of 1st period - Deflect By Nicolas Deschamps.
7:46 of 1st period - Stopped by Laurent Brossoit without a rebound.
7:47 of 1st period - Jim O'Brien wins face-off versus Martin Hanzal in Wolfes zone.
8:14 of 1st period - Melker Karlsson is hit by Anton Karlsson and loses puck.
9:35 of 1st period - Victor Olofsson is hit by Melker Karlsson and loses puck.
9:58 of 1st period - Snap shot by Blake Pietila.
9:58 of 1st period - Shot Misses the Net.
11:03 of 1st period - Snap shot by Stefan Matteau.
11:03 of 1st period - Stopped by Laurent Brossoit without a rebound.
11:04 of 1st period - Martin Hanzal wins face-off versus Chrstian Dvorak in Wolfes zone.
11:15 of 1st period - Snap shot by Vladimir Zharkov.
11:15 of 1st period - Stopped by Chet Pickard without a rebound.
11:16 of 1st period - Martin Hanzal wins face-off versus Melker Karlsson in Mustangs zone.
11:33 of 1st period - Minor Penalty to Josh Jooris for Hooking.
11:34 of 1st period - Raphael Bussieres wins face-off versus Martin Hanzal in Mustangs zone.
11:34 of 1st period - Raphael Bussieres is hit by Jeffrey Foss.
11:47 of 1st period - Damon Severson is hit by Martin Hanzal and loses puck.
12:00 of 1st period - Sergei Plotnikov is hit by Melker Karlsson.
12:20 of 1st period - Alexei Marchenko is hit by Blake Pietila and loses puck.
13:21 of 1st period - Chris Tierney is hit by Alexei Marchenko and loses puck.
13:33 of 1st period - Penalty to Josh Jooris is over, Josh Jooris is back on ice.
14:14 of 1st period - Snap shot by Tom Wilson.
14:14 of 1st period - Stopped by Laurent Brossoit with a rebound.
15:08 of 1st period - Snap shot by Andreas Martinsen.
15:08 of 1st period - Stopped by Laurent Brossoit with a rebound.
15:10 of 1st period - Slapshot by Scott Mayfield.
15:10 of 1st period - Shot Blocked by Wes O'Neill.
15:12 of 1st period - Wrist shot by Josh Jooris.
15:12 of 1st period - Deflect By Melker Karlsson.
15:12 of 1st period - Stopped by Laurent Brossoit without a rebound.
15:13 of 1st period - Melker Karlsson wins face-off versus Chris Tierney in Wolfes zone.
15:24 of 1st period - Slapshot by Alexandre Grenier.
15:24 of 1st period - Shot Misses the Net.
15:26 of 1st period - Snap shot by Chris Tierney.
15:26 of 1st period - Stopped by Chet Pickard without a rebound.
15:27 of 1st period - Martin Hanzal wins face-off versus Sean Monahan in Mustangs zone.
15:40 of 1st period - Snap shot by Martin Hanzal.
15:40 of 1st period - Shot Blocked by Sean Monahan.
15:42 of 1st period - Snap shot by Martin Hanzal.
15:42 of 1st period - Stopped by Chet Pickard with a rebound.
15:44 of 1st period - Slapshot by Joe Morrow.
15:44 of 1st period - Shot Misses the Net.
15:54 of 1st period - Snap shot by Jeffrey Foss.
15:54 of 1st period - Shot Misses the Net.
15:56 of 1st period - Slapshot by Michael Stone.
15:56 of 1st period - Deflect By Victor Olofsson.
15:56 of 1st period - Shot Misses the Net.
15:56 of 1st period - Puck is out of play.
15:57 of 1st period - Nicolas Deschamps wins face-off versus Melker Karlsson in Mustangs zone.
15:58 of 1st period - Slapshot by Michael Stone.
15:58 of 1st period - Stopped by Chet Pickard with a rebound.
16:22 of 1st period - Jeffrey Foss is hit by Dakota Mermis and loses puck.
16:45 of 1st period - Snap shot by Jonathan Drouin.
16:45 of 1st period - Stopped by Laurent Brossoit without a rebound.
16:46 of 1st period - Chris Tierney wins face-off versus Sean Monahan in Wolfes zone.
17:00 of 1st period - Minor Penalty to Jeffrey Foss for Hooking.
17:01 of 1st period - Melker Karlsson wins face-off versus Martin Hanzal in Wolfes zone.
17:40 of 1st period - Slapshot by Sean Monahan.
17:40 of 1st period - Deflect By Jonathan Drouin.
17:40 of 1st period - Stopped by Laurent Brossoit without a rebound.
17:41 of 1st period - Alexandre Grenier wins face-off versus Jonathan Drouin in Wolfes zone.
17:54 of 1st period - Minor Penalty to Scott Mayfield for Hooking.
17:55 of 1st period - Josh Jooris wins face-off versus Martin Hanzal in Mustangs zone.
19:00 of 1st period - Penalty to Jeffrey Foss is over, Jeffrey Foss is back on ice.
19:38 of 1st period - Snap shot by Blake Pietila.
19:38 of 1st period - Goal by Blake Pietila - Mustangs : 2 - Wolfes : 1.
19:39 of 1st period - Chris Tierney wins face-off versus Sean Monahan in neutral zone.
19:44 of 1st period - Scott Mayfield is hit by Blake Pietila and loses puck.
19:48 of 1st period - Minor Penalty to Alexandre Grenier for Unsportsmanlike conduct.
19:49 of 1st period - Melker Karlsson wins face-off versus Martin Hanzal in Wolfes zone.
Goals for this period are 2 for Mustangs vs 1 for Wolfes.
Shots for this period are 14 for Mustangs vs 8 for Wolfes.

2nd period


0:01 of 2nd period - Martin Hanzal wins face-off versus Melker Karlsson in neutral zone.
0:26 of 2nd period - Martin Hanzal is hit by Jonathan Drouin.
0:32 of 2nd period - Snap shot by Sean Monahan.
0:32 of 2nd period - Stopped by Laurent Brossoit with a rebound.
1:12 of 2nd period - Damon Severson is hit by Martin Hanzal and loses puck.
1:48 of 2nd period - Penalty to Alexandre Grenier is over, Alexandre Grenier is back on ice.
2:21 of 2nd period - Kurtis Gabriel is hit by Victor Olofsson and loses puck.
3:08 of 2nd period - Andrew O'Brien is hit by Martin Hanzal and loses puck.
3:45 of 2nd period - Snap shot by Kyle Rau.
3:45 of 2nd period - Deflect By Benn Ferriero.
3:45 of 2nd period - Shot Blocked by Stefan Matteau.
3:45 of 2nd period - Puck is out of play.
3:46 of 2nd period - Josh Jooris wins face-off versus Kyle Rau in Mustangs zone.
3:55 of 2nd period - Wrist shot by Josh Jooris.
3:55 of 2nd period - Stopped by Laurent Brossoit with a rebound.
4:13 of 2nd period - Minor Penalty to Benn Ferriero for Holding Stick.
4:14 of 2nd period - Melker Karlsson wins face-off versus Martin Hanzal in Wolfes zone.
4:27 of 2nd period - Snap shot by Vladimir Zharkov.
4:27 of 2nd period - Shot Misses the Net.
4:56 of 2nd period - Snap shot by Alexandre Grenier.
4:56 of 2nd period - Shot Misses the Net.
5:20 of 2nd period - Minor Penalty to Tom Wilson for Hooking.
5:21 of 2nd period - Martin Hanzal wins face-off versus Josh Jooris in Mustangs zone.
5:22 of 2nd period - Wrist shot by Vladimir Zharkov.
5:22 of 2nd period - Goal by Vladimir Zharkov - Mustangs : 2 - Wolfes : 2.
5:23 of 2nd period - Josh Jooris wins face-off versus Martin Hanzal in neutral zone.
5:29 of 2nd period - Off-side.
5:30 of 2nd period - Martin Hanzal wins face-off versus Josh Jooris in neutral zone.
5:35 of 2nd period - Wrist shot by Vladimir Zharkov.
5:35 of 2nd period - Stopped by Chet Pickard without a rebound.
5:36 of 2nd period - Josh Jooris wins face-off versus Martin Hanzal in Mustangs zone.
5:43 of 2nd period - Snap shot by Melker Karlsson.
5:43 of 2nd period - Shot Misses the Net.
6:00 of 2nd period - Icing by Alexei Marchenko.
6:01 of 2nd period - Martin Hanzal wins face-off versus Josh Jooris in Mustangs zone.
6:13 of 2nd period - Penalty to Benn Ferriero is over, Benn Ferriero is back on ice.
7:02 of 2nd period - Damon Severson is hit by Chris Tierney and loses puck.
7:20 of 2nd period - Penalty to Tom Wilson is over, Tom Wilson is back on ice.
7:49 of 2nd period - Snap shot by Sean Monahan.
7:49 of 2nd period - Shot Misses the Net.
7:51 of 2nd period - Wrist shot by Danny Biega.
7:51 of 2nd period - Stopped by Laurent Brossoit with a rebound.
7:53 of 2nd period - Wrist shot by Tom Wilson.
7:53 of 2nd period - Shot Misses the Net.
8:15 of 2nd period - Wrist shot by Alexandre Grenier.
8:15 of 2nd period - Shot Misses the Net.
8:31 of 2nd period - Melker Karlsson is hit by Martin Hanzal and loses puck.
8:44 of 2nd period - Snap shot by Zachary Sanford.
8:44 of 2nd period - Stopped by Chet Pickard without a rebound.
8:45 of 2nd period - Kyle Rau wins face-off versus Jim O'Brien in Mustangs zone.
8:48 of 2nd period - Slapshot by Zachary Sanford.
8:48 of 2nd period - Stopped by Chet Pickard with a rebound.
8:50 of 2nd period - Slapshot by Zachary Sanford.
8:50 of 2nd period - Shot Misses the Net.
8:52 of 2nd period - Wrist shot by Zachary Sanford.
8:52 of 2nd period - Stopped by Chet Pickard with a rebound.
8:54 of 2nd period - Snap shot by Kyle Rau.
8:54 of 2nd period - Shot Blocked by Alexei Marchenko.
8:56 of 2nd period - Slapshot by Joe Morrow.
8:56 of 2nd period - Shot Blocked by Damon Severson.
8:58 of 2nd period - Snap shot by Benn Ferriero.
8:58 of 2nd period - Deflect By Max Gortz.
8:58 of 2nd period - Stopped by Chet Pickard with a rebound.
9:00 of 2nd period - Slapshot by Joe Morrow.
9:00 of 2nd period - Stopped by Chet Pickard without a rebound.
9:01 of 2nd period - Melker Karlsson wins face-off versus Martin Hanzal in Mustangs zone.
10:12 of 2nd period - Snap shot by Vladimir Zharkov.
10:12 of 2nd period - Stopped by Chet Pickard without a rebound.
10:13 of 2nd period - Martin Hanzal wins face-off versus Stefan Matteau in Mustangs zone.
10:24 of 2nd period - Slapshot by Stefan Matteau.
10:24 of 2nd period - Deflect By Kurtis Gabriel.
10:24 of 2nd period - Stopped by Laurent Brossoit with a rebound.
10:26 of 2nd period - Slapshot by Danny Biega.
10:26 of 2nd period - Shot Misses the Net.
10:28 of 2nd period - Snap shot by Chrstian Dvorak.
10:28 of 2nd period - Stopped by Laurent Brossoit with a rebound.
11:14 of 2nd period - Nicolas Deschamps is hit by Ben Harpur and loses puck.
11:31 of 2nd period - Slapshot by Vladimir Zharkov.
11:31 of 2nd period - Stopped by Chet Pickard without a rebound.
11:32 of 2nd period - Melker Karlsson wins face-off versus Martin Hanzal in Mustangs zone.
11:45 of 2nd period - Icing by Vladimir Zharkov.
11:46 of 2nd period - Martin Hanzal wins face-off versus Melker Karlsson in Wolfes zone.
12:07 of 2nd period - Minor Penalty to Martin Hanzal for Roughing.
12:08 of 2nd period - Benn Ferriero wins face-off versus Melker Karlsson in Wolfes zone.
12:45 of 2nd period - Wrist shot by Sean Monahan.
12:45 of 2nd period - Shot Misses the Net.
13:25 of 2nd period - Jeffrey Foss is hit by Josh Jooris and loses puck.
14:07 of 2nd period - Penalty to Martin Hanzal is over, Martin Hanzal is back on ice.
14:21 of 2nd period - Minor Penalty to Jim O'Brien for Tripping.
14:22 of 2nd period - Martin Hanzal wins face-off versus Josh Jooris in Mustangs zone.
14:48 of 2nd period - Jamie Oleksiak is hit by Andreas Martinsen and loses puck.
16:21 of 2nd period - Penalty to Jim O'Brien is over, Jim O'Brien is back on ice.
16:22 of 2nd period - Icing by Danny Biega.
16:23 of 2nd period - Martin Hanzal wins face-off versus Josh Jooris in Mustangs zone.
16:32 of 2nd period - Sean Monahan is hit by Jamie Oleksiak and loses puck.
17:16 of 2nd period - Jamie Oleksiak is hit by Danny Biega and loses puck.
17:23 of 2nd period - Slapshot by Ben Harpur.
17:23 of 2nd period - Stopped by Laurent Brossoit without a rebound.
17:24 of 2nd period - Chris Tierney wins face-off versus Josh Jooris in Wolfes zone.
17:39 of 2nd period - Backhand shot by Michael Stone.
17:39 of 2nd period - Deflect By Blake Pietila.
17:39 of 2nd period - Stopped by Chet Pickard without a rebound.
17:40 of 2nd period - Martin Hanzal wins face-off versus Sean Monahan in Mustangs zone.
17:41 of 2nd period - Snap shot by Vladimir Zharkov.
17:41 of 2nd period - Stopped by Chet Pickard without a rebound.
17:42 of 2nd period - Sergei Plotnikov wins face-off versus Sean Monahan in Mustangs zone.
17:47 of 2nd period - Wrist shot by Vladimir Zharkov.
17:47 of 2nd period - Shot Blocked by Jonathan Drouin.
17:57 of 2nd period - Wrist shot by Sergei Plotnikov.
17:57 of 2nd period - Stopped by Chet Pickard with a rebound.
18:30 of 2nd period - Snap shot by Stefan Matteau.
18:30 of 2nd period - Stopped by Laurent Brossoit without a rebound.
18:31 of 2nd period - Stefan Matteau wins face-off versus Nicolas Deschamps in Wolfes zone.
18:32 of 2nd period - Snap shot by Chrstian Dvorak.
18:32 of 2nd period - Shot Misses the Net.
18:34 of 2nd period - Wrist shot by Stefan Matteau.
18:34 of 2nd period - Stopped by Laurent Brossoit with a rebound.
18:36 of 2nd period - Snap shot by Ben Harpur.
18:36 of 2nd period - Deflect By Stefan Matteau.
18:36 of 2nd period - Stopped by Laurent Brossoit without a rebound.
18:37 of 2nd period - Nicolas Deschamps wins face-off versus Stefan Matteau in Wolfes zone.
18:37 of 2nd period - Nicolas Deschamps is hit by Kurtis Gabriel.
18:45 of 2nd period - Slapshot by Jamie Oleksiak.
18:45 of 2nd period - Deflect By Stefan Matteau.
18:45 of 2nd period - Stopped by Chet Pickard with a rebound.
19:15 of 2nd period - Snap shot by Stefan Matteau.
19:15 of 2nd period - Shot Hit the Post.
19:37 of 2nd period - Snap shot by Kurtis Gabriel.
19:37 of 2nd period - Stopped by Laurent Brossoit with a rebound.
19:39 of 2nd period - Slapshot by Scott Mayfield.
19:39 of 2nd period - Deflect By Stefan Matteau.
19:39 of 2nd period - Shot Misses the Net.
19:39 of 2nd period - Puck is out of play.
19:40 of 2nd period - Martin Hanzal wins face-off versus Melker Karlsson in Wolfes zone.
19:43 of 2nd period - Wrist shot by Andreas Martinsen.
19:43 of 2nd period - Shot Misses the Net.
Goals for this period are 0 for Mustangs vs 1 for Wolfes.
Shots for this period are 10 for Mustangs vs 13 for Wolfes.

3rd period


0:01 of 3rd period - Melker Karlsson wins face-off versus Martin Hanzal in neutral zone.
0:22 of 3rd period - Minor Penalty to Martin Hanzal for Holding.
0:23 of 3rd period - Benn Ferriero wins face-off versus Melker Karlsson in Wolfes zone.
0:34 of 3rd period - Damon Severson is hit by Vladimir Zharkov and loses puck.
0:49 of 3rd period - Jeffrey Foss is hit by Tom Wilson and loses puck.
2:22 of 3rd period - Penalty to Martin Hanzal is over, Martin Hanzal is back on ice.
2:39 of 3rd period - Slapshot by Jim O'Brien.
2:39 of 3rd period - Shot Misses the Net.
2:41 of 3rd period - Slapshot by Scott Mayfield.
2:41 of 3rd period - Shot Blocked by Anton Lindholm.
3:13 of 3rd period - Jim O'Brien is hit by Kyle Rau and loses puck.
3:22 of 3rd period - Slapshot by Joe Morrow.
3:22 of 3rd period - Shot Misses the Net.
3:24 of 3rd period - Wrist shot by Anton Lindholm.
3:24 of 3rd period - Shot Blocked by Curtis Hamilton.
3:50 of 3rd period - Kurtis Gabriel is hit by Michael Stone and loses puck.
3:57 of 3rd period - Snap shot by Nicolas Deschamps.
3:57 of 3rd period - Shot Misses the Net.
4:05 of 3rd period - Slapshot by Kurtis Gabriel.
4:05 of 3rd period - Stopped by Laurent Brossoit with a rebound.
4:07 of 3rd period - Wrist shot by Andrew O'Brien.
4:07 of 3rd period - Shot Misses the Net.
4:15 of 3rd period - Snap shot by Chrstian Dvorak.
4:15 of 3rd period - Shot Misses the Net.
4:17 of 3rd period - Slapshot by Andrew O'Brien.
4:17 of 3rd period - Shot Blocked by Alexandre Grenier.
4:19 of 3rd period - Wrist shot by Kurtis Gabriel.
4:19 of 3rd period - Stopped by Laurent Brossoit with a rebound.
4:21 of 3rd period - Slapshot by Danny Biega.
4:21 of 3rd period - Stopped by Laurent Brossoit with a rebound.
4:23 of 3rd period - Snap shot by Chrstian Dvorak.
4:23 of 3rd period - Shot Misses the Net.
4:25 of 3rd period - Wrist shot by Kurtis Gabriel.
4:25 of 3rd period - Stopped by Laurent Brossoit without a rebound.
4:26 of 3rd period - Vladimir Zharkov wins face-off versus Melker Karlsson in Wolfes zone.
4:35 of 3rd period - Snap shot by Michael Stone.
4:35 of 3rd period - Deflect By Damon Severson.
4:35 of 3rd period - Stopped by Chet Pickard without a rebound.
4:36 of 3rd period - Melker Karlsson wins face-off versus Martin Hanzal in Mustangs zone.
4:57 of 3rd period - Snap shot by Martin Hanzal.
4:57 of 3rd period - Shot Blocked by Damon Severson.
5:05 of 3rd period - Snap shot by Sergei Plotnikov.
5:05 of 3rd period - Shot Misses the Net.
5:07 of 3rd period - Snap shot by Martin Hanzal.
5:07 of 3rd period - Shot Blocked by Alexei Marchenko.
5:17 of 3rd period - Snap shot by Sergei Plotnikov.
5:17 of 3rd period - Stopped by Chet Pickard without a rebound.
5:18 of 3rd period - Chris Tierney wins face-off versus Sean Monahan in Mustangs zone.
5:49 of 3rd period - Slapshot by Joe Morrow.
5:49 of 3rd period - Shot Misses the Net.
6:06 of 3rd period - Ben Harpur is hit by Anton Lindholm.
6:27 of 3rd period - Off-side.
6:28 of 3rd period - Josh Jooris wins face-off versus Martin Hanzal in neutral zone.
7:09 of 3rd period - Minor Penalty to Martin Hanzal for Tripping.
7:10 of 3rd period - Benn Ferriero wins face-off versus Sean Monahan in Wolfes zone.
7:22 of 3rd period - Snap shot by Jonathan Drouin.
7:22 of 3rd period - Stopped by Laurent Brossoit without a rebound.
7:23 of 3rd period - Benn Ferriero wins face-off versus Melker Karlsson in Wolfes zone.
7:23 of 3rd period - Benn Ferriero is hit by Melker Karlsson.
7:37 of 3rd period - Slapshot by Alexei Marchenko.
7:37 of 3rd period - Shot Blocked by Jeffrey Foss.
7:39 of 3rd period - Wrist shot by Damon Severson.
7:39 of 3rd period - Shot Misses the Net.
9:09 of 3rd period - Penalty to Martin Hanzal is over, Martin Hanzal is back on ice.
9:37 of 3rd period - Minor Penalty to Damon Severson for Holding.
9:38 of 3rd period - Blake Pietila wins face-off versus Josh Jooris in Mustangs zone.
9:47 of 3rd period - Snap shot by Martin Hanzal.
9:47 of 3rd period - Stopped by Chet Pickard without a rebound.
9:48 of 3rd period - Josh Jooris wins face-off versus Blake Pietila in Mustangs zone.
10:18 of 3rd period - Josh Jooris is hit by Blake Pietila and loses puck.
10:27 of 3rd period - Wrist shot by Blake Pietila.
10:27 of 3rd period - Shot Misses the Net.
11:04 of 3rd period - Andrew O'Brien is hit by Jeffrey Foss.
11:08 of 3rd period - Wrist shot by Andreas Martinsen.
11:08 of 3rd period - Shot Blocked by Martin Hanzal.
11:37 of 3rd period - Penalty to Damon Severson is over, Damon Severson is back on ice.
11:52 of 3rd period - Snap shot by Chrstian Dvorak.
11:52 of 3rd period - Stopped by Laurent Brossoit without a rebound.
11:53 of 3rd period - Jim O'Brien wins face-off versus Nicolas Deschamps in Wolfes zone.
11:56 of 3rd period - Snap shot by Max Gortz.
11:56 of 3rd period - Shot Misses the Net.
11:58 of 3rd period - Wrist shot by Jim O'Brien.
11:58 of 3rd period - Shot Blocked by Joe Morrow.
12:00 of 3rd period - Wrist shot by Curtis Hamilton.
12:00 of 3rd period - Deflect By Max Gortz.
12:00 of 3rd period - Shot Misses the Net.
12:00 of 3rd period - Puck is out of play.
12:01 of 3rd period - Sean Monahan wins face-off versus Kyle Rau in Wolfes zone.
12:02 of 3rd period - Snap shot by Jonathan Drouin.
12:02 of 3rd period - Shot Blocked by Anton Lindholm.
12:16 of 3rd period - Slapshot by Joe Morrow.
12:16 of 3rd period - Stopped by Chet Pickard with a rebound.
12:28 of 3rd period - Wrist shot by Max Gortz.
12:28 of 3rd period - Stopped by Laurent Brossoit with a rebound.
13:24 of 3rd period - Backhand shot by Jeffrey Foss.
13:24 of 3rd period - Stopped by Chet Pickard without a rebound.
13:25 of 3rd period - Chris Tierney wins face-off versus Sean Monahan in Mustangs zone.
13:28 of 3rd period - Snap shot by Blake Pietila.
13:28 of 3rd period - Stopped by Chet Pickard without a rebound.
13:29 of 3rd period - Melker Karlsson wins face-off versus Chris Tierney in Mustangs zone.
13:51 of 3rd period - Snap shot by Blake Pietila.
13:51 of 3rd period - Shot Misses the Net.
13:53 of 3rd period - Slapshot by Wes O'Neill.
13:53 of 3rd period - Shot Misses the Net.
13:55 of 3rd period - Snap shot by Chris Tierney.
13:55 of 3rd period - Stopped by Chet Pickard without a rebound.
13:56 of 3rd period - Vladimir Zharkov wins face-off versus Sean Monahan in Mustangs zone.
14:28 of 3rd period - Nicolas Deschamps is hit by Curtis Hamilton and loses puck.
15:04 of 3rd period - Jamie Oleksiak is hit by Chrstian Dvorak and loses puck.
15:23 of 3rd period - Sean Monahan is hit by Jamie Oleksiak and loses puck.
15:28 of 3rd period - Wrist shot by Zachary Sanford.
15:28 of 3rd period - Shot Misses the Net.
15:30 of 3rd period - Wrist shot by Kyle Rau.
15:30 of 3rd period - Shot Misses the Net.
15:32 of 3rd period - Wrist shot by Benn Ferriero.
15:32 of 3rd period - Shot Misses the Net.
15:34 of 3rd period - Wrist shot by Benn Ferriero.
15:34 of 3rd period - Shot Misses the Net.
15:36 of 3rd period - Wrist shot by Kyle Rau.
15:36 of 3rd period - Goal by Kyle Rau - Mustangs : 2 - Wolfes : 3.
15:37 of 3rd period - Jim O'Brien wins face-off versus Victor Olofsson in neutral zone.
16:27 of 3rd period - Benn Ferriero is hit by Scott Mayfield and loses puck.
16:28 of 3rd period - Benn Ferriero from Wolfes is injured at 16:28 of 3rd period (Right Forearm).
16:29 of 3rd period - Jim O'Brien wins face-off versus Nicolas Deschamps in Wolfes zone.
16:54 of 3rd period - Josh Jooris is hit by Alexandre Grenier and loses puck.
17:27 of 3rd period - Snap shot by Vladimir Zharkov.
17:27 of 3rd period - Stopped by Chet Pickard with a rebound.
17:36 of 3rd period - Off-side.
17:37 of 3rd period - Chris Tierney wins face-off versus Stefan Matteau in neutral zone.
17:44 of 3rd period - Snap shot by Blake Pietila.
17:44 of 3rd period - Stopped by Chet Pickard without a rebound.
17:45 of 3rd period - Nicolas Deschamps wins face-off versus Jim O'Brien in Mustangs zone.
18:14 of 3rd period - Snap shot by Alexandre Grenier.
18:14 of 3rd period - Goal by Alexandre Grenier - Mustangs : 2 - Wolfes : 4.
18:15 of 3rd period - Jim O'Brien wins face-off versus Kyle Rau in neutral zone.
18:41 of 3rd period - Melker Karlsson is hit by Sergei Plotnikov and loses puck.
19:15 of 3rd period - Snap shot by Alexandre Grenier.
19:15 of 3rd period - Stopped by Chet Pickard with a rebound.
19:28 of 3rd period - Icing by Ben Harpur.
19:29 of 3rd period - Sean Monahan wins face-off versus Nicolas Deschamps in Mustangs zone.
19:56 of 3rd period - Slapshot by Alexandre Grenier.
19:56 of 3rd period - Stopped by Chet Pickard with a rebound.
19:58 of 3rd period - Snap shot by Chris Tierney.
19:58 of 3rd period - Shot Misses the Net.
Goals for this period are 0 for Mustangs vs 2 for Wolfes.
Shots for this period are 7 for Mustangs vs 13 for Wolfes.